 Dungeon Crawl Stone Soup version 0.21-a0-64-g1c0f2e3 (webtiles) character file.

11594 Manul the Carver (level 11, -1/56 HPs)
             Began as a Vine Stalker Gladiator on June 17, 2017.
             Was an Initiate of Gozag.
             Slain by an unseen horror (2 damage)
             ... on level 10 of the Dungeon.
             The game lasted 00:12:48 (7821 turns).

Manul the Carver (Vine Stalker Gladiator)           Turns: 7821, Time: 00:12:49

Health: -1/56      AC:  6    Str: 17    XL:     11   Next: 80%
Magic:  0/12       EV: 17    Int: 12    God:    Gozag
Gold:   1827       SH:  4    Dex: 25    Spells: 10/10 levels left

rFire    . . .     SeeInvis .   q - +10 falchion of Refutunn {slice, rElec rN+}
rCold    . . .     Gourm    .   (no shield)
rNeg     + . .     Faith    .   z - +0 robe of the Morning Star {rPois Int+4 Dex+6}
rPois    +         Spirit   +   c - +0 helmet
rElec    +         Reflect  +   (no cloak)
rCorr    .         Harm     .   (no gloves)
MR       +....                  s - +2 pair of boots
Stlth    ++++++....             S - +4 amulet of reflection
HPRegen  0.58/turn              F - ring of stealth
MPRegen  0.13/turn              p - +5 ring of slaying

@: about to teleport
A: fangs 3, regeneration 1, magic shield, antimagic bite, no potion heal 3, rot
immunity
a: Potion Petition, Call Merchant, Bribe Branch, Renounce Religion


You were on level 10 of the Dungeon.
You worshipped Gozag.
Gozag was most pleased with you.
You were not hungry.

You visited 1 branch of the dungeon, and saw 10 of its levels.
You also visited: Ossuary.

You collected 2590 gold pieces.
You spent 289 gold pieces at shops.
You paid 474 gold pieces to Gozag.

Inventory:

Hand Weapons
 a - a +1 quarterstaff
 q - the +10 falchion of Refutunn (weapon) {slice, rElec rN+}
   (You found it on level 5 of the Dungeon)

   It inflicts extra damage upon your enemies.
   It insulates you from electricity.
   It protects you from negative energy.
Missiles
 d - a throwing net (quivered)
Armour
 c - a +0 helmet (worn)
 h - a +1 leather armour of cold resistance
 s - a +2 pair of boots (worn)
 z - the +0 robe of the Morning Star (worn) {rPois Int+4 Dex+6}
   (You bought it in a shop on level 7 of the Dungeon)

   It affects your intelligence (+4).
   It affects your dexterity (+6).
   It protects you from poison.
 M - the +5 scale mail of the Lost Path {SInv}
   (You found it on level 8 of the Dungeon)

   It lets you see invisible.
Jewellery
 n - an uncursed ring of poison resistance
 p - a +5 ring of slaying (right hand)
 w - an uncursed ring of protection from fire
 y - an uncursed ring of protection from magic
 F - a ring of stealth (left hand)
 S - a +4 amulet of reflection (around neck)
Wands
 b - a wand of enslavement (11/24)
 u - a wand of flame (11/48)
 K - a wand of paralysis (15/24)
 N - a wand of lightning (12/15)
 O - a wand of disintegration (8/24)
Scrolls
 e - a scroll of blinking {unknown}
 g - 2 scrolls of recharging
 i - 3 scrolls of identify
 l - 5 scrolls of enchant weapon
 o - 3 scrolls of remove curse
 t - 2 scrolls of magic mapping
 v - 4 scrolls of teleportation
 D - a scroll of immolation {unknown}
 G - 2 scrolls of fog
 L - a scroll of vulnerability {unknown}
 R - a scroll of amnesia {unknown}
Potions
 k - 4 potions of haste {unknown}
 r - a potion of agility
 x - 3 potions of curing
 A - 2 potions of might
 B - a potion of lignification {unknown}
 C - a potion of heal wounds {unknown}
 H - 2 potions of ambrosia
 I - a potion of resistance {unknown}
 J - a potion of brilliance {unknown}
 P - a potion of invisibility
 T - a potion of mutation {unknown}
Books
 Q - a book of Cantrips

   Spells                             Type                      Level
   a - Confusing Touch                Hexes                        1
   b - Animate Skeleton               Necromancy                   1
   c - Summon Small Mammal            Summoning                    1
   d - Apportation                    Translocation                1
Comestibles
 f - 3 bread rations
 j - 4 royal jellies
 m - 8 meat rations
 E - 5 fruits


   Skills:
 + Level 5.6 Fighting
 * Level 11.3 Long Blades
 + Level 7.0 Staves
 - Level 1.9 Throwing
 + Level 3.7 Armour
 + Level 5.3 Dodging
 + Level 8.6 Stealth


You had 10 spell levels left.
You didn't know any spells.

Dungeon Overview and Level Annotations

Branches:
Dungeon (10/15)            Temple (0/1) D:6            Lair (0/6) D:9
    Orc (0/2) D:9

Altars:
Ashenzari
Gozag
Kikubaaqudgha
Qazlal
Sif Muna
Trog
The Shining One

Shops:
D:7 [   D:10 ?

Annotations:
D:8 ldierk's ghost, novice MfIE


Innate Abilities, Weirdness & Mutations

You have razor-sharp teeth.
Your natural rate of healing is unusually fast.
When hurt, damage is shared between your health and your magic reserves.
Your bite disrupts and absorbs the magic of your enemies.
Potions cannot restore your health.
You are immune to rotting.


Message History

Something hits you but does no damage. You block something's attack.
You open the door. Something hits you.
There is an open door here.
You swing at nothing.
Something hits you! Something hits you! x2
* * * LOW HITPOINT WARNING * * *
Something hits you.
* * * LOW HITPOINT WARNING * * *
Something hits you.
* * * LOW HITPOINT WARNING * * *
As you read the scroll of teleportation, it crumbles to dust.
You feel strangely unstable. Something closely misses you. Something hits you!
* * * LOW HITPOINT WARNING * * *
Something hits you.
* * * LOW HITPOINT WARNING * * *
Something hits you.
You die...
Your body crumbles into a pile of gold.

#..# #.......### ##.##
#.......# #..# ###'#####
######'##### #...#
#..........# #.###
#..........# ####.###### ##
#..........# #.........###.
#..........# #.........##..
#.........@###............#
#..........')#...8.8.8.####
#..........#.#....⌠.⌠..#
#..........#.#...8.∩.8.#
#..........#.#....⌠.⌠..#
#..........#.#...8.8.8.#
###..#######...........#
##.# ############# #.#


There were no monsters in sight!

Vanquished Creatures
  4 two-headed ogres
  Pikel (D:6)
  The ghost of Shimatora the Basher, a novice GrFi (D:5)
  Psyche (D:8)
  Prince Ribbit (D:5)
  5 hippogriffs
  6 yaks (D:6)
  A vampire (D:10)
  A wyvern (D:10)
  2 hungry ghosts (D:9)
  Menkaure (D:7)
  6 ice beasts
  2 orc warriors
  4 sky beasts
  2 phantoms
  4 ogres
  2 necrophages
  3 centaurs
  2 crocodiles
  A big kobold (D:8)
  6 bullfrogs
  5 water moccasin zombies (Ossuary)
  3 scorpions
  A water moccasin skeleton (D:9)
  2 troll zombies (D:9)
  3 killer bees (D:7)
  4 wights (D:10)
  2 howler monkeys
  3 crimson imps
  A centaur zombie (D:8)
  5 hounds
  A jelly (D:9)
  A bullfrog zombie (D:6)
  2 bullfrog skeletons
  13 orc priests
  16 orc wizards
  An iguana (D:8)
  6 worker ants
  A killer bee zombie (D:10)
  5 ogre zombies (D:9)
  A big kobold zombie (Ossuary)
  A hound skeleton (D:10)
  2 mummies (Ossuary)
  3 gnolls (D:3)
  9 adders
  2 shadow imps
  An adder skeleton (D:5)
  8 adder zombies
  2 worms
  2 dart slugs
  7 leopard geckos
  43 orcs
  5 bats
  9 giant cockroaches
  4 goblins
  5 hobgoblins
  17 jackals
  5 kobolds
  5 quokkas
  3 frilled lizards
  2 gnoll zombies (Ossuary)
  2 goblin skeletons (D:9)
  3 goblin zombies (D:9)
  2 hobgoblin skeletons (D:9)
  9 hobgoblin zombies
  2 jackal skeletons
  4 kobold zombies (Ossuary)
  A leopard gecko skeleton (D:3)
  5 orc skeletons (D:9)
  15 orc zombies
  2 rats
312 creatures vanquished.

Vanquished Creatures (others)
  A slave (D:9)
  A worker ant (D:9)
  A hound zombie (D:9)
  An orc (D:7)
4 creatures vanquished.

Grand Total: 316 creatures vanquished

Notes
Turn   | Place    | Note
-------+----------+-------------------------------------------
     0 | D:1      | Manul the Vine Stalker Gladiator began the quest for the Orb.
     0 | D:1      | Reached XP level 1. HP: 11/11 MP: 2/2
   311 | D:1      | Reached XP level 2. HP: 12/15 MP: 3/3
   831 | D:2      | Reached XP level 3. HP: 14/18 MP: 1/4
  1226 | D:3      | Gained mutation: Your natural rate of healing is unusually fast. [Vine Stalker growth]
  1226 | D:3      | Reached XP level 4. HP: 23/23 MP: 5/5
  1309 | D:3      | Reached skill level 1 in Armour
  1359 | D:3      | Reached skill level 1 in Stealth
  1433 | D:3      | Reached XP level 5. HP: 25/26 MP: 6/6
  1628 | D:3      | Found an opulent altar of Gozag.
  1629 | D:3      | Found a deep blue altar of Sif Muna.
  1635 | D:3      | Became a worshipper of Gozag Ym Sagoz the Greedy
  1773 | D:4      | Found an ancient bone altar of Kikubaaqudgha.
  1796 | D:4      | Found a glowing golden altar of the Shining One.
  2090 | D:4      | Found a bloodstained altar of Trog.
  2250 | D:4      | Reached XP level 6. HP: 29/30 MP: 5/7
  3279 | D:4      | Reached XP level 7. HP: 32/35 MP: 8/8
  3319 | D:4      | Reached skill level 5 in Staves
  3354 | D:5      | Entered Level 5 of the Dungeon
  3354 | D:5      | Found a shattered altar of Ashenzari.
  3407 | D:5      | Got an ancient falchion
  3408 | D:5      | Identified the +10 falchion of Refutunn {slice, rElec rN+} (You found it on level 5 of the Dungeon)
  3474 | D:5      | Noticed Prince Ribbit
  3476 | D:5      | Noticed Shimatora's ghost (novice GrFi)
  3481 | D:5      | Killed Shimatora's ghost
  3481 | D:5      | Reached skill level 1 in Long Blades
  3481 | D:5      | Gained mutation: You have razor-sharp teeth. [Vine Stalker growth]
  3481 | D:5      | Reached XP level 8. HP: 21/40 MP: 5/9
  3483 | D:5      | HP: 2/40 [Prince Ribbit (4)]
  3485 | D:5      | Killed Prince Ribbit
  3485 | D:5      | Reached skill level 2 in Long Blades
  3646 | D:5      | Reached skill level 3 in Long Blades
  3969 | D:6      | Noticed a yak
  3969 | D:6      | Noticed a yak
  3970 | D:6      | Noticed a yak
  3976 | D:6      | Noticed a yak
  3976 | D:6      | Killed a yak
  3979 | D:6      | Noticed a yak
  3980 | D:6      | Noticed a yak
  3984 | D:6      | Killed a yak
  3984 | D:6      | Reached skill level 4 in Long Blades
  3984 | D:6      | Reached XP level 9. HP: 44/45 MP: 10/10
  3999 | D:6      | Reached skill level 5 in Long Blades
  4129 | D:6      | Found a sand-covered staircase.
  4147 | Ossuary  | Entered an ossuary
  4256 | Ossuary  | Reached skill level 6 in Long Blades
  4412 | D:6      | Found a staircase to the Ecumenical Temple.
  4912 | D:7      | Reached skill level 7 in Long Blades
  4912 | D:7      | Reached XP level 10. HP: 51/51 MP: 11/11
  4962 | D:7      | Noticed Menkaure
  4970 | D:7      | Killed Menkaure
  5206 | D:7      | Noticed Pikel
  5248 | D:6      | Killed Pikel
  5248 | D:6      | Reached skill level 8 in Long Blades
  5248 | D:6      | Reached skill level 5 in Stealth
  5532 | D:8      | Noticed a two-headed ogre
  5538 | D:8      | Killed a two-headed ogre
  5538 | D:8      | Reached skill level 9 in Long Blades
  5540 | D:8      | Reached skill level 5 in Fighting
  5613 | D:8      | Got a twisted scale mail
  5624 | D:8      | Identified the +5 scale mail of the Lost Path {SInv} (You found it on level 8 of the Dungeon)
  5785 | D:8      | Noticed Psyche
  5792 | D:8      | Killed Psyche
  5843 | D:8      | Noticed a two-headed ogre
  5915 | D:7      | Bought a fabulously ornate robe for 193 gold pieces
  5925 | D:7      | Identified the +0 robe of the Morning Star {rPois Int+4 Dex+6} (You bought it in a shop on level 7 of the Dungeon)
  6035 | D:8      | Found a stormy altar of Qazlal.
  6065 | D:8      | Noticed ldierk's ghost (novice MfIE)
  6172 | D:8      | Killed a two-headed ogre
  6172 | D:8      | Reached skill level 10 in Long Blades
  6172 | D:8      | Reached XP level 11. HP: 56/56 MP: 12/12
  6286 | D:9      | Found a staircase to the Orcish Mines.
  6365 | D:9      | Reached skill level 5 in Dodging
  6888 | D:9      | Found a staircase to the Lair.
  7099 | D:10     | Entered Level 10 of the Dungeon
  7099 | D:10     | Noticed a two-headed ogre
  7103 | D:10     | Killed a two-headed ogre
  7103 | D:10     | Reached skill level 11 in Long Blades
  7236 | D:10     | Noticed a two-headed ogre
  7239 | D:10     | Killed a two-headed ogre
  7246 | D:10     | Found Qocvaogoj's Magic Scroll Boutique.
  7464 | D:10     | Bought a scroll of teleportation for 48 gold pieces
  7464 | D:10     | Bought a scroll of teleportation for 48 gold pieces
  7555 | D:10     | HP: 1/56 [something (4)]
  7821 | D:10     | HP: 1/56 [something (3)]
  7821 | D:10     | Slain by an unseen horror

Vault maps used:
D:1:      dpeg_arrival_round_b
D:2:      first_bread, kennysheep_generic_room_13
D:3:      gammafunk_temple_overflow_pools
D:4:      kiku_gazebo_pond_becter, lightli_temple_of_fire, kennysheep_mini_moat
D:5:      ashenzari_altar_1, uniq_prince_ribbit1
D:6:      minmay_temple_entry_crystal_x, nicolae_ossuary_entry_monument
D:7:      uniq_pikel, uniq_menkaure
D:8:      nicolae_qazlal_eye_of_the_storm, uniq_psyche
D:9:      lair_entry_dummy, zombieorc2_lemuel
D:10:     serial_shops, nicolae_shop_temple_entry_statues_fountains,
          grunt_tengu_nest, roderic_roman_lattice
Ossuary:  ossuary_tomb_2

Skill      XL: |  1  2  3  4  5  6  7  8  9 10 11 |
---------------+----------------------------------+-----
Staves         | 3 4 5 6 7 |  7.0
Dodging        | 3 4 5 |  5.3
Armour         | 1 2 3 |  3.7
Stealth        | 1 2 3 4 6 8 |  8.6
Fighting       | 2 3 4 5 |  5.6
Long Blades    | 1 4 7 10 11 | 11.3
Throwing       | |  1.9

Action                   |  1- 3 |  4- 6 |  7- 9 | 10-12 || total
-------------------------+-------+-------+-------+-------++-------
Melee: Quarterstaff      |    76 |    97 |    15 |       ||   188
       Bite              |    10 |    34 |    57 |   103 ||   204
       Falchion          |       |       |   133 |   262 ||   395
Throw: Throwing net      |       |     1 |       |     1 ||     2
Invok: Potion Petition   |       |       |     1 |       ||     1
       Call Merchant     |       |       |       |     1 ||     1
  Use: Scroll            |     5 |     4 |     5 |     9 ||    23
 Stab: Distracted        |     1 |       |       |     8 ||     9
       Held in net/web   |       |     1 |       |       ||     1
       Sleeping          |       |     1 |     7 |    21 ||    29
  Eat: Chunk             |     1 |     2 |       |       ||     3
       Bread ration      |       |     1 |     2 |     2 ||     5
Armor: Leather armour    |    27 |    27 |    36 |     9 ||    99
       Robe              |       |       |       |    31 ||    31
       Scale mail        |       |       |       |     3 ||     3
Dodge: Dodged            |    55 |    51 |    85 |   158 ||   349
Block: Other             |       |       |       |     8 ||     8
       Rpst.: Falchion   |       |       |    26 |    38 ||    64
